AoeStats
← komailvidz

Black Forest

510638221Analyzed
4v4 RM · 2d ago on Oct 1, 2026· 47m 55s· 8 players
Game mode
Random Map
Map size
Large (8 player)
Population
200
Speed
Normal
Resources
Standard
Victory
Conquest
Starting age
Dark Age
Ending age
Imperial Age
RankedLock teamsTeams togetherTeam positionsShared explorationLock speedFull tech treeHidden civsTurbo modeCheats
Victory
Defeat
🇩🇪 Bohemians · Germany
847
+13
🇧🇷 Persians · Brazil
840
+13
🇹🇷 Turks · Türkiye
732
+18
🇵🇰 Celts · Pakistan
654
+22
🇺🇸 Franks · United States
840
-19
🇳🇱 Vietnamese · Netherlands
809
-18
🇨🇴 Bohemians · Colombia
773
-16
🇺🇸 Celts · United States
686
-13
DuceDubz
0:33 Loom
15:10 Feudal Age
17:43 Horse Collar
17:52 Double-Bit Axe
20:54 Wheelbarrow
21:38 Arson
23:57 Gold Mining
23:59 Stone Mining
26:58 Castle Age
26:09 Fishing Lines
27:38 Fletching
27:59 Forging
27:50 Scale Mail Armor
27:26 Pikeman
28:19 Bow Saw
28:17 Heavy Plow
29:11 Caravan
30:04 Bodkin Arrow
31:33 Coinage
33:19 Gold Shaft Mining
33:19 Stone Shaft Mining
33:38 Iron Casting
33:20 Chain Mail Armor
34:29 Stronghold
39:21 Imperial Age
39:22 Onager
40:35 Halberdier
41:27 Onager
42:05 Heavy Scorpion
44:13 Blast Furnace
43:45 Plate Mail Armor
45:28 Siege Onager
46:46 Siege Onager
Caligula
0:45 Loom
14:34 Feudal Age
15:53 Wheelbarrow
15:03 Town Watch
30:28 Castle Age
30:03 Horse Collar
30:12 Double-Bit Axe
31:25 Bow Saw
31:20 Heavy Plow
31:38 Hand Cart
37:52 Pikeman
39:22 Fortified Wall
41:22 Squires
44:47 Imperial Age
Lost My Scout
0:34 Loom
15:07 Feudal Age
16:21 Double-Bit Axe
17:45 Stone Mining
17:48 Gold Mining
23:16 Castle Age
22:26 Scale Barding Armor
22:32 Forging
22:22 Scale Mail Armor
22:13 Fletching
22:15 Arson
24:49 Bow Saw
25:57 Wheelbarrow
25:17 Town Watch
26:18 Squires
30:31 Gold Shaft Mining
30:19 Hand Cart
30:41 Town Patrol
30:43 Treadmill Crane
35:02 Imperial Age
32:51 Herbal Medicine
33:08 Devotion
33:33 Caravan
34:56 Fortified Wall
34:57 Masonry
35:08 Ballistics
34:45 Murder Holes
34:58 Guard Tower
34:37 Light Cavalry
35:18 Husbandry
34:55 Pikeman
35:34 Bodkin Arrow
35:11 Cavalier
36:15 Conscription
37:25 Hoardings
37:35 Iron Casting
37:52 Chain Barding Armor
37:48 Chain Mail Armor
38:51 Chemistry
38:13 Halberdier
39:20 Arrowslits
40:55 Architecture
40:32 Chivalry
43:08 Siege Engineers
46:20 Paladin
Digitalmous-join Clan-
0:37 Loom
19:32 Feudal Age
19:35 Man-at-Arms
21:14 Double-Bit Axe
24:37 Horse Collar
30:41 Castle Age
31:25 Elite Skirmisher
31:28 Pikeman
32:09 Squires
31:30 Long Swordsman
32:56 Heavy Plow
35:08 Bow Saw
36:30 Fortified Wall
37:24 Gold Mining
37:24 Stone Mining
38:45 Wheelbarrow
40:43 Hand Cart
42:52 Chatras
Allspark
5:52 Loom
12:52 Feudal Age
17:32 Castle Age
31:10 Imperial Age
30:56 Wheelbarrow
30:07 Town Watch
30:13 Horse Collar
30:44 Double-Bit Axe
31:18 Gold Mining
31:32 Stone Mining
32:28 Fletching
32:38 Padded Archer Armor
32:44 Scale Barding Armor
33:02 Forging
33:22 Bow Saw
33:16 Heavy Plow
37:07 Gold Shaft Mining
37:21 Hand Cart
37:06 Town Patrol
37:25 Leather Archer Armor
37:06 Bodkin Arrow
38:57 Ballistics
38:34 Murder Holes
38:50 Masonry
39:12 Ring Archer Armor
38:43 Bracer
39:18 Iron Casting
39:39 Elite Janissary
40:43 Sipahi
43:19 Blast Furnace
42:41 Chain Barding Armor
48:43 Two-Man Saw
Granatenrambo
0:30 Loom
13:14 Feudal Age
14:27 Double-Bit Axe
14:26 Horse Collar
19:37 Castle Age
23:55 Wheelbarrow
24:05 Bow Saw
24:27 Heavy Plow
27:17 Hand Cart
29:13 Masonry
32:18 Imperial Age
31:59 Chemistry
31:03 Scale Mail Armor
32:15 Ballistics
32:06 Fortified Wall
31:38 Pikeman
32:19 Squires
33:43 Conscription
34:41 Two-Man Saw
33:31 Elite Hussite Wagon
35:19 Chain Mail Armor
36:04 Wagenburg Tactics
38:34 Halberdier
43:20 Plate Mail Armor
Guará
13:41 Feudal Age
16:16 Horse Collar
16:27 Double-Bit Axe
21:46 Castle Age
20:00 Fishing Lines
20:37 Forging
20:33 Scale Barding Armor
20:30 Padded Archer Armor
20:22 Fletching
23:09 Husbandry
26:30 Heavy Plow
27:30 Caravan
28:11 Bloodlines
28:56 Gillnets
30:15 Wheelbarrow
30:22 Loom
31:13 Bow Saw
33:17 Iron Casting
33:03 Chain Barding Armor
32:59 Leather Archer Armor
32:39 Bodkin Arrow
35:53 Imperial Age
34:20 Hand Cart
36:04 Ballistics
35:55 Masonry
36:10 Kamandaran
36:37 Town Watch
37:30 Plate Barding Armor
37:29 Ring Archer Armor
37:48 Crop Rotation
39:04 Chemistry
38:35 Architecture
39:51 Elite War Elephant
42:40 Blast Furnace
43:18 Town Patrol
43:21 Scale Mail Armor
43:52 Citadels
komailvidz
0:32 Loom
17:43 Feudal Age
18:08 Man-at-Arms
22:49 Horse Collar
23:10 Double-Bit Axe
25:16 Scale Barding Armor
25:11 Scale Mail Armor
25:22 Forging
25:03 Fletching
25:14 Padded Archer Armor
27:04 Wheelbarrow
28:42 Stone Mining
31:49 Castle Age
32:59 Hand Cart
32:31 Town Watch
33:30 Chain Barding Armor
33:26 Chain Mail Armor
33:47 Iron Casting
40:05 Stone Shaft Mining
39:21 Gold Mining
Connection lost

Rejoining the realm…

Still unreachable

The connection could not be restored.

Session expired

The server has moved on; the page needs a fresh start.